[ PARTIDA AOE2 · #506912275 ]
UnrankedGodos vs Shu
Equipo del jugador · DERR
Equipo rival · VICT
[ ANÁLISIS DE REPETICIÓN · EXTRAÍDO DE LA PARTIDA GRABADA ]
Feudal
9:00
Castillos
—
Imperial
—
| APM promedio | 62.6 |
| APM pico | 105 |
| eAPM promedio | 24.8 |
| Aldeanos / militares | 41 / 10 |
Foco
⚔️ 36.4% · 🌾 63.6%
Militia ×6 · Skirmisher ×4
Feudal
8:52
Castillos
—
Imperial
—
| APM promedio | 90.9 |
| APM pico | 118 |
| eAPM promedio | 30.8 |
| Aldeanos / militares | 42 / 10 |
Foco
⚔️ 41.1% · 🌾 58.9%
Archer ×9 · Spearman ×1
Mapa de la partida
Recursos iniciales + cada clic de construcción. Líneas = muros · curvas = relieve. ◆ oro · ⬟ piedra · ● bayas · ✦ reliquia · ◌ hueco del cierre
Tu base· Abierta — flanco sin cerrar
Base de DS_Gali· Abierta — flanco sin cerrar
Terreno inicial suavizado · ◌ = hueco del cierre detectado · pasá el cursor para detalles
Inputs por minuto
— bruh - - DS_Gali
Build order — bruh
91 acciones detectadas en el replay
| 0:00 | Encolar | Villager (Male) |
| 0:00 | Encolar | Villager (Male) |
| 0:00 | Encolar | Villager (Male) |
| 0:01 | Construir | House |
| 0:03 | Construir | House |
| 0:16 | Encolar | Villager (Male) |
| 0:29 | Investigar | Loom |
| 1:30 | Encolar | Villager (Male) |
| 1:36 | Construir | Lumber Camp |
| 1:57 | Encolar | Villager (Male) |
| 1:57 | Encolar | Villager (Male) |
| 2:18 | Construir | House |
| 2:28 | Encolar | Villager (Male) |
| 2:49 | Encolar | Villager (Male) |
| 2:49 | Encolar | Villager (Male) |
| 3:22 | Encolar | Villager (Male) |
| 3:49 | Encolar | Villager (Male) |
| 4:13 | Encolar | Villager (Male) |
| 4:38 | Encolar | Villager (Male) |
| 4:38 | Encolar | Villager (Male) |
| 4:51 | Encolar | Villager (Male) |
| 4:52 | Encolar | Villager (Male) |
| 5:32 | Construir | Barracks |
| 5:36 | Construir | Barracks |
| 5:42 | Encolar | Villager (Male) |
| 6:04 | Encolar | Villager (Male) |
| 6:13 | Construir | House |
| 6:50 | Investigar | Feudal Age |
| 6:50 | Investigar | Feudal Age |
| 7:03 | Encolar | Militia |
| 7:03 | Encolar | Militia |
| 7:04 | Encolar | Militia |
| 7:17 | Construir | House |
| 7:37 | Encolar | Militia |
| 8:02 | Encolar | Militia |
| 8:22 | Construir | Mining Camp |
| 8:24 | Encolar | Militia |
| 8:48 | Encolar | Villager (Male) |
| 9:00 | Edad | Edad Feudal |
| 9:19 | Encolar | Villager (Male) |
| 9:37 | Construir | Watch Tower |
| 9:41 | Encolar | Villager (Male) |
| 9:47 | Construir | Mill |
| 10:01 | Encolar | Villager (Male) |
| 10:10 | Construir | Mining Camp |
| 10:27 | Construir | Palisade Wall |
| 10:29 | Construir | Palisade Wall |
| 10:30 | Construir | Palisade Wall |
| 10:38 | Investigar | Man-at-Arms (upgrade) |
| 10:38 | Encolar | Villager (Male) |
| 11:08 | Encolar | Villager (Male) |
| 11:20 | Construir | Watch Tower |
| 11:24 | Construir | Palisade Wall |
| 11:35 | Construir | Palisade Gate |
| 11:39 | Construir | Palisade Wall |
| 11:40 | Construir | Palisade Wall |
| 11:47 | Encolar | Villager (Male) |
| 12:15 | Encolar | Villager (Male) |
| 12:25 | Encolar | Villager (Male) |
| 12:39 | Encolar | Villager (Male) |
| 12:40 | Encolar | Villager (Male) |
| 12:53 | Construir | Archery Range |
| 13:00 | Construir | House |
| 13:37 | Encolar | Villager (Male) |
| 13:57 | Encolar | Skirmisher |
| 14:10 | Encolar | Villager (Male) |
| 14:24 | Construir | Farm |
| 14:25 | Construir | Farm |
| 14:25 | Construir | Farm |
| 14:25 | Construir | Farm |
| 14:26 | Encolar | Villager (Male) |
| 14:55 | Encolar | Villager (Male) |
| 15:10 | Encolar | Skirmisher |
| 15:27 | Construir | Watch Tower |
| 15:34 | Encolar | Villager (Male) |
| 15:34 | Encolar | Villager (Male) |
| 15:36 | Construir | Farm |
| 16:02 | Encolar | Villager (Male) |
| 16:16 | Encolar | Skirmisher |
| 16:23 | Encolar | Villager (Male) |
| 16:23 | Encolar | Villager (Male) |
| 16:25 | Construir | Farm |
| 16:37 | Construir | Palisade Wall |
| 16:40 | Construir | House |
| 16:42 | Construir | House |
| 16:44 | Encolar | Villager (Male) |
| 16:46 | Construir | House |
| 16:49 | Construir | Palisade Wall |
| 16:55 | Construir | House |
| 16:58 | Encolar | Skirmisher |
| 17:05 | Encolar | Villager (Male) |
Build order — DS_Gali
106 acciones detectadas en el replay
| 0:02 | Encolar | Villager (Male) |
| 0:02 | Construir | House |
| 0:03 | Construir | House |
| 0:06 | Encolar | Villager (Male) |
| 0:07 | Encolar | Villager (Male) |
| 0:07 | Encolar | Villager (Male) |
| 1:26 | Encolar | Villager (Male) |
| 1:51 | Encolar | Villager (Male) |
| 1:51 | Encolar | Villager (Male) |
| 2:13 | Construir | Lumber Camp |
| 2:25 | Encolar | Villager (Male) |
| 2:54 | Encolar | Villager (Male) |
| 2:54 | Encolar | Villager (Male) |
| 2:57 | Encolar | Villager (Male) |
| 2:57 | Encolar | Villager (Male) |
| 3:38 | Encolar | Villager (Male) |
| 3:54 | Construir | House |
| 4:01 | Encolar | Villager (Male) |
| 4:26 | Encolar | Villager (Male) |
| 4:39 | Construir | House |
| 4:59 | Encolar | Villager (Male) |
| 5:07 | Construir | Mill |
| 5:17 | Encolar | Villager (Male) |
| 5:47 | Encolar | Villager (Male) |
| 6:07 | Investigar | Loom |
| 6:40 | Investigar | Feudal Age |
| 6:40 | Investigar | Feudal Age |
| 7:14 | Construir | Barracks |
| 8:24 | Encolar | Villager (Male) |
| 8:27 | Construir | Palisade Wall |
| 8:52 | Edad | Edad Feudal |
| 8:55 | Construir | Archery Range |
| 8:57 | Encolar | Spearman |
| 9:17 | Encolar | Villager (Male) |
| 9:36 | Encolar | Archer |
| 9:38 | Encolar | Villager (Male) |
| 9:52 | Construir | Palisade Wall |
| 9:57 | Construir | Palisade Wall |
| 10:02 | Construir | House |
| 10:05 | Encolar | Villager (Male) |
| 10:13 | Construir | House |
| 10:13 | Encolar | Villager (Male) |
| 10:23 | Encolar | Villager (Male) |
| 10:28 | Construir | Palisade Wall |
| 10:29 | Construir | Palisade Wall |
| 10:31 | Construir | Palisade Wall |
| 10:37 | Construir | House |
| 10:41 | Construir | Mining Camp |
| 10:44 | Encolar | Villager (Male) |
| 10:50 | Construir | House |
| 11:04 | Construir | Palisade Wall |
| 11:06 | Construir | Palisade Wall |
| 11:08 | Encolar | Villager (Male) |
| 11:16 | Construir | Mill |
| 11:19 | Encolar | Archer |
| 11:23 | Construir | Watch Tower |
| 11:36 | Encolar | Villager (Male) |
| 12:28 | Investigar | Double-Bit Axe |
| 12:37 | Encolar | Archer |
| 12:50 | Encolar | Villager (Male) |
| 12:54 | Construir | Palisade Wall |
| 12:55 | Construir | Palisade Wall |
| 12:56 | Construir | Palisade Wall |
| 12:58 | Construir | Palisade Wall |
| 12:59 | Construir | Palisade Wall |
| 13:00 | Encolar | Villager (Male) |
| 13:01 | Construir | Palisade Wall |
| 13:05 | Encolar | Villager (Male) |
| 13:06 | Construir | Palisade Wall |
| 13:12 | Encolar | Archer |
| 13:13 | Encolar | Villager (Male) |
| 13:20 | Construir | Palisade Wall |
| 13:40 | Encolar | Villager (Male) |
| 13:48 | Encolar | Villager (Male) |
| 14:00 | Encolar | Villager (Male) |
| 14:23 | Encolar | Archer |
| 14:33 | Encolar | Villager (Male) |
| 14:35 | Construir | Farm |
| 14:35 | Construir | Farm |
| 14:43 | Construir | Farm |
| 14:50 | Construir | Farm |
| 14:54 | Encolar | Archer |
| 15:03 | Construir | House |
| 15:09 | Construir | Farm |
| 15:17 | Encolar | Villager (Male) |
| 15:32 | Encolar | Villager (Male) |
| 15:37 | Encolar | Villager (Male) |
| 15:49 | Encolar | Villager (Male) |
| 16:00 | Encolar | Archer |
| 16:19 | Encolar | Villager (Male) |
| 16:22 | Encolar | Villager (Male) |
| 16:28 | Construir | Farm |
| 16:28 | Construir | Farm |
| 16:28 | Construir | Farm |
| 16:29 | Construir | Farm |
| 16:29 | Construir | Farm |
| 16:34 | Construir | Farm |
| 16:35 | Construir | Farm |
| 16:37 | Construir | Farm |
| 16:38 | Construir | Farm |
| 16:38 | Construir | House |
| 16:42 | Encolar | Archer |
| 16:56 | Encolar | Archer |
| 16:59 | Construir | Farm |
| 17:04 | Construir | House |
| 17:04 | Encolar | Villager (Male) |
Cronología de la partida
| 5:32 | bruh · first_building Barracks |
| 7:14 | DS_Gali · first_building Barracks |
| 8:27 | DS_Gali · wall_segment Palisade Wall x1 |
| 8:52 | DS_Gali · age_up feudal |
| 8:55 | DS_Gali · first_building Archery Range |
| 9:00 | bruh · age_up feudal |
| 9:52 | DS_Gali · wall_segment Palisade Wall x6 |
| 9:57 | DS_Gali · wall_segment Palisade Wall x5 |
| 10:27 | bruh · wall_segment Palisade Wall x1 |
| 10:28 | DS_Gali · wall_segment Palisade Wall x1 |
| 10:29 | bruh · wall_segment Palisade Wall x1 |
| 10:29 | DS_Gali · wall_segment Palisade Wall x1 |
| 10:30 | bruh · wall_segment Palisade Wall x1 |
| 10:31 | DS_Gali · wall_segment Palisade Wall x1 |
| 11:04 | DS_Gali · wall_segment Palisade Wall x1 |
| 11:06 | DS_Gali · wall_segment Palisade Wall x1 |
| 11:24 | bruh · wall_segment Palisade Wall x1 |
| 11:39 | bruh · wall_segment Palisade Wall x1 |
| 11:40 | bruh · wall_segment Palisade Wall x1 |
| 12:53 | bruh · first_building Archery Range |
| 12:54 | DS_Gali · wall_segment Palisade Wall x1 |
| 12:55 | DS_Gali · wall_segment Palisade Wall x1 |
| 12:56 | DS_Gali · wall_segment Palisade Wall x1 |
| 12:58 | DS_Gali · wall_segment Palisade Wall x1 |
| 12:59 | DS_Gali · wall_segment Palisade Wall x1 |
| 13:01 | DS_Gali · wall_segment Palisade Wall x1 |
| 13:06 | DS_Gali · wall_segment Palisade Wall x1 |
| 13:20 | DS_Gali · wall_segment Palisade Wall x1 |
| 16:37 | bruh · wall_segment Palisade Wall x1 |
| 16:49 | bruh · wall_segment Palisade Wall x1 |
| 17:24 | bruh · resign |
[ ANÁLISIS IA · 1 CRÉDITO ]
¿Qué pasó realmente en esta partida?
Wolo.gg analiza cada decisión: build order, eco, micro, errores típicos por bracket. Análisis personalizado por WhatsApp o Discord en 30 segundos.
Guía civ
Godos
Perfil
Bruh